 Dungeon Crawl Stone Soup version 0.28.0-43-g3370ac3207 (webtiles) character file.

Game seed: 16944534556782820774

478 ANNNA the Magician (level 6, -1/33 HPs)
             Began as a Deep Elf Venom Mage on Mar 6, 2022.
             Shot with an arrow by a centaur (9 damage)
             ... on level 4 of the Dungeon.
             The game lasted 00:10:39 (5324 turns).

ANNNA the Magician (Deep Elf Venom Mage)            Turns: 5324, Time: 00:10:39

Health: -1/33      AC:  2    Str:  7    XL:     6   Next: 86%
Magic:  17/17      EV: 13    Int: 20    God:
Gold:   131        SH:  0    Dex: 15    Spells: 8/18 levels left

rFire   . . .      SeeInvis .   l - +2 short sword (drain)
rCold   . . .      Faith    .   (no shield)
rNeg    . . .      Spirit   .   a - +0 robe
rPois   .          Reflect  .   (no helmet)
rElec   .          Harm     .   (no cloak)
rCorr   .          Rampage  .   (no gloves)
Will    .....                   (no boots)
Stlth   +++.......              (no amulet)
HPRegen 0.11/turn               d - ring of wizardry
MPRegen 0.15/turn               (no ring)

@: no status effects
A: no striking features
a: no special abilities


You were on level 4 of the Dungeon.
You visited 1 branch of the dungeon, and saw 4 of its levels.

You collected 131 gold pieces.

Inventory:

Hand Weapons
 l - a +2 short sword of draining (weapon)
Missiles
 f - 4 poisoned darts
 g - 115 stones
Armour
 a - a +0 robe (worn)
Jewellery
 d - a ring of wizardry (left hand)
Wands
 m - a wand of acid (11)
Scrolls
 b - 2 scrolls of blinking {unknown}
 e - 3 scrolls of amnesia {unknown}
 h - a scroll of teleportation {unknown}
 i - a scroll of enchant weapon {unknown}
 j - a scroll of enchant armour {unknown}
 k - a scroll of identify {unknown}
 n - a scroll of brand weapon {unknown}
Potions
 c - a potion of heal wounds {unknown}
 o - a potion of magic {unknown}
 p - a potion of curing {unknown}


   Skills:
 + Level 0.4 Fighting
 + Level 1.1 Short Blades
 + Level 2.8 Dodging
 + Level 3.7 Stealth
 + Level 6.5 Spellcasting
 + Level 0.1 Conjurations
 + Level 2.2 Transmutations
 + Level 1.5 Air Magic
 + Level 5.2 Poison Magic


You had 8 spell levels left.
You knew the following spells:

 Your Spells              Type           Power      Damage    Failure   Level
a - Sting                 Tmut/Pois      84%        1d7       1%          1
b - Poisonous Vapours     Pois/Air       40%        N/A       1%          2
c - Mephitic Cloud        Conj/Pois/Air  15%        N/A       4%          3
d - Olgreb's Toxic Radia  Pois           27%        N/A       4%          4

Your spell library contained the following spells:

 Spells                   Type           Power      Damage    Failure   Level
 Dazzling Flash           Conj/Hex       12%        N/A       12%         3
 Iskenderun's Mystic Bla  Conj/Tloc      6%         2d4       34%         4
 Starburst                Conj/Fire      3%         6d3       99%         6


Dungeon Overview and Level Annotations

Branches:
Dungeon (4/15)
 Temple: D:4-7

Altars:


Message History

The stinking cloud engulfs the ogre but does no damage.
The ogre is moderately wounded.
The ogre is engulfed in noxious fumes.
The ogre appears confused.
Sorry, you're not good enough to have a special ability.
Casting: Mephitic Cloud (dangerous; 5% risk of failure)
Confirm with . or Enter, or press ? or * to list all spells.
Aiming: Sting (safe; 1% risk of failure)
Press: ? - help, Shift-Dir - straight line, f/p - ogre
Aim: an ogre, wielding a +0 giant club (moderately wounded, confused, very poisoned, 98% to hit)
The sting hits the ogre.
The ogre looks even sicker.
The ogre is heavily wounded.
The ogre is engulfed in noxious fumes.
Casting: Sting (safe; 1% risk of failure)
Confirm with . or Enter, or press ? or * to list all spells.
Aiming: Sting (safe; 1% risk of failure)
Press: ? - help, Shift-Dir - straight line, f/p - ogre
Aim: an ogre, wielding a +0 giant club (heavily wounded, confused, very poisoned, 98% to hit)
The sting hits the ogre.
The ogre looks as sick as possible!
The ogre is severely wounded.
Found 5 gold pieces.
You kill the ogre!
You start resting.
A centaur comes into view. It is wielding a +0 spear.
There is a stone staircase leading up here.
You climb upwards.
There is a stone staircase leading down here.
You start resting.
Magic restored.
You climb downwards.
There is a stone staircase leading up here.
The centaur shouts!
The centaur unwields a +0 spear.
The centaur wields a +0 shortbow.
The centaur shoots an arrow.
The arrow hits you!
Things that are here:
a boomerang; a +0 hand axe; an orc skeleton The centaur shoots an arrow.
The arrow hits you!
The centaur shoots an arrow.
The arrow hits you.
* * * LOW HITPOINT WARNING * * *
The centaur shoots an arrow.
The arrow hits you!
You die...

#....).....## #...[.....
#........<..# ##.........
#.......÷...# #.....[<...
#......[....###..........
##.......................
#.......(.#.....####.###
####........##..#.....#.#
###.................###...#
#....#......@.###........##
#####.........# #.##.### .#
######........# ..# ... .
.###......c#....###.## ####
...................... #
.......)#....#..##### #..
...............†....##...#
.........##.......c.......
........###.##....†)...(..


You could see a centaur.

Vanquished Creatures
  An ogre (D:4)
  A centaur (D:4)
  An orc priest (D:3)
  4 orc wizards
  4 gnolls (D:2)
  3 adders
  An adder skeleton (D:4)
  A worm (D:2)
  5 dart slugs
  7 orcs
  9 ball pythons
  8 bats
  3 endoplasms
  5 giant cockroaches
  2 goblins
  8 hobgoblins
  17 jackals
  A quokka (D:1)
  4 frilled lizards
  5 kobolds
  6 rats
96 creatures vanquished.

Notes
Turn   | Place    | Note
-------+----------+-------------------------------------------
     0 | D:1      | ANNNA the Deep Elf Venom Mage began the quest for the Orb.
     0 | D:1      | Reached XP level 1. HP: 10/10 MP: 6/6
   260 | D:1      | Reached XP level 2. HP: 11/15 MP: 0/8
   476 | D:1      | Learned a level 2 spell: Poisonous Vapours
  1217 | D:1      | Reached XP level 3. HP: 19/19 MP: 7/10
  1224 | D:1      | Learned a level 3 spell: Mephitic Cloud
  2221 | D:2      | Found a faded altar of an unknown god.
  2877 | D:2      | Reached XP level 4. HP: 24/24 MP: 6/11
  2884 | D:2      | Learned a level 4 spell: Olgreb's Toxic Radiance
  3007 | D:2      | Reached skill level 4 in Spellcasting
  3493 | D:3      | Reached skill level 5 in Spellcasting
  3538 | D:3      | Reached XP level 5. HP: 18/28 MP: 4/14
  4333 | D:3      | Reached skill level 1 in Air Magic
  4978 | D:4      | Reached XP level 6. HP: 24/32 MP: 11/16
  5137 | D:4      | Reached skill level 1 in Short Blades
  5137 | D:4      | Reached skill level 6 in Spellcasting
  5137 | D:4      | Reached skill level 5 in Poison Magic
  5324 | D:4      | Shot with an arrow by a centaur

Illustrated notes

Levels and vault maps discovered:
D:1:      dpeg_arrival_simpleton_c, layout_basic
D:2:      layout_rooms, shapermc_ecumenical_altar_mp_highgroup, minivault_4,
          palyth_stone_intersect, grunt_ministairs_1, minivault_27,
          kennysheep_generic_room_5
D:3:      minmay_spotlight, layout_basic, serial_park_tiny_2
D:4:      layout_rooms, minmay_strange_pillars,
          nicolae_shop_sticking_my_neck_out

Skill      XL: |  1  2  3  4  5  6 |
---------------+-------------------+-----
Poison Magic   | 4 5 |  5.2
Stealth        | 3 |  3.7
Spellcasting   | 5 6 |  6.5
Air Magic      | 1 |  1.5
Transmutations | 2 |  2.2
Short Blades   | 1 |  1.1
Fighting       | |  0.4
Dodging        | |  2.8
Conjurations   | |  0.1

Action                   |  1- 3 |  4- 6 || total
-------------------------+-------+-------++-------
Melee: Unarmed           |     7 |       ||     7
       Short sword       |    44 |    24 ||    68
       Punch             |     1 |       ||     1
 Cast: Sting             |    64 |    27 ||    91
       Poisonous Vapours |    29 |    27 ||    56
       Olgreb's Toxic Ra |       |     8 ||     8
       Mephitic Cloud    |       |     2 ||     2
 Stab: Sleeping          |     1 |       ||     1
       Confused          |       |     1 ||     1
Armor: Robe              |    20 |     7 ||    27
Dodge: Dodged            |    57 |    24 ||    81
